 Dungeon Sprint DCSS version 0.29-a0-857-g9b1aa3ac5b (webtiles) character file.

Game seed: 16105827680753276891

326 mhtbhm the Covered (level 6, -2/44 HPs)
             Began as a Gargoyle Fighter on July 16, 2022.
             Was an Elder of Qazlal.
             Slain by a shadow wraith (7 damage)
             ... in the Dungeon (Sprint VII: "The Pits").
             The game lasted 00:01:26 (691 turns).

mhtbhm the Covered (Gargoyle Fighter)                Turns: 691, Time: 00:01:27

Health: -2/44      AC: 15    Str: 22    XL:     6   Next: 49%
Magic:  10/10      EV: 10    Int:  8    God:    Qazlal [****..]
Gold:   0          SH: 10    Dex:  9    Spells: 5/5 levels left

rFire   . . .      SeeInvis .   a - +2 mace
rCold   . . .      Faith    .   c - +0 buckler
rNeg    + . .      Spirit   .   b - +3 scale mail
rPois   ∞          Reflect  .   (no helmet)
rElec   +          Harm     .   (no cloak)
rCorr   .          Rampage  .   (no gloves)
Will    .....      NoTele   +   (no boots)
Stlth   ..........              (no amulet)
HPRegen 0.14/turn               (no ring)
MPRegen 0.12/turn               (no ring)

@: slowed, repel missiles, very slow
A: sickness immunity, AC +4, negative energy resistance 1, electricity
resistance, torment resistance 1, petrification resistance
a: Renounce Religion, Upheaval, Elemental Force


You were in the Dungeon.
You worshipped Qazlal.
Qazlal was greatly pleased with you.
You visited 1 branch

Inventory:

Hand Weapons
 a - a +2 mace (weapon)
Armour
 b - a +3 scale mail (worn)
 c - a +0 buckler (worn)
Scrolls
 j - a scroll of blinking
 l - 5 scrolls of amnesia
 m - a scroll of summoning
Potions
 d - a potion of might
 e - 4 potions of curing
 f - 3 potions of heal wounds
 g - a potion of haste
 h - 4 potions of magic
 i - 3 potions of berserk rage
 k - 2 potions of invisibility


   Skills:
 + Level 7.1 Fighting
 + Level 6.6 Maces & Flails
 + Level 7.5 Armour
 + Level 2.2 Dodging
 + Level 6.4 Shields
 * Level 5.8 Invocations


You had 5 spell levels left.
You didn't know any spells.
Your spell library was empty.

Dungeon Overview and Level Annotations

Branches:
Dungeon (1/1)

Altars:
Ashenzari
Cheibriados
Dithmenos
Elyvilon
Fedhas
Gozag
Hepliaklqana
Kikubaaqudgha
Makhleb
Nemelex Xobeh
Okawaru
Qazlal
Ru
Sif Muna
Trog
Uskayaw
Vehumet
Wu Jian
Xom
Yredelemnul
Zin
The Shining One
Jiyva
Lugonu


Innate Abilities, Weirdness & Mutations

You are immune to sickness and miasma.
Your stone body is resilient. (AC +4)
You are immune to poison.
You resist negative energy. (rN+)
You are resistant to electric shocks. (rElec)
You are resistant to unholy torment.
You are immune to petrification.


Message History

The crimson imp is struck by lightning.
You kill the crimson imp!
Qazlal accepts your kill.
Your Fighting skill increases to level 7!
No target in view!
No target in view!
No target in view!
No target in view!
No target in view!
No target in view!
No target in view!
No target in view!
No target in view!
No target in view!
No target in view!
No target in view!
No target in view!
No target in view!
No target in view!
No target in view!
No target in view!
No target in view!
No target in view!
There is an open door here.
You open the door.
You hear a chilling moan.
No target in view!
Deactivating autopickup; reactivate with Ctrl-A.
You closely miss something. Something hits you but does no damage.
You completely miss something. Something hits you!
You barely miss something. Something hits you.
You hit something. Something hits you.
You closely miss something. Something hits you! Something drains your vigour!
You feel yourself slow down.
You thump something! Something hits you!
* * * LOW HITPOINT WARNING * * *
Something drains your vigour!
You feel as though you will be slow longer.
Something hits you!
You die...

#.#..#.))).##.......#
#)###########.......#
#.......# #########
#..#.#..# #.##.##.#
#.......#+#
#.##.##.#.+
#†.#.#..#'#
#.......'@#
###########


There were no monsters in sight!

Vanquished Creatures
  A scorpion (D)
  A necrophage (D)
  A crimson imp (D)
  A hound (D)
  2 orc priests (D)
  2 orc wizards (D)
  A gnoll (D)
  An adder (D)
  A river rat (D)
  An ufetubus (D)
  2 orcs (D)
  An endoplasm (D)
  A giant cockroach (D)
  A giant cockroach zombie (D)
  A jackal skeleton (D)
  A kobold (D)
  A quokka skeleton (D)
20 creatures vanquished.

Notes
Turn   | Place    | Note
-------+----------+-------------------------------------------
     0 | D        | mhtbhm the Gargoyle Fighter began the quest for the Orb.
     0 | D        | Reached XP level 1. HP: 14/14 MP: 1/1
    20 | D        | Reached XP level 2. HP: 17/20 MP: 2/2
    73 | D        | Found a bloodstained altar of Trog.
    73 | D        | Found a shimmering blue altar of Sif Muna.
    73 | D        | Found a viscous altar of Jiyva.
    73 | D        | Found a hazy altar of Hepliaklqana.
    73 | D        | Found an opulent altar of Gozag.
    74 | D        | Found a glowing golden altar of the Shining One.
    74 | D        | Found a glowing silver altar of Zin.
    74 | D        | Found a basalt altar of Yredelemnul.
    74 | D        | Found a shimmering altar of Xom.
    74 | D        | Found an ornate altar of the Wu Jian Council.
    74 | D        | Found a sacrificial altar of Ru.
    74 | D        | Found a stormy altar of Qazlal.
    74 | D        | Found an iron altar of Okawaru.
    74 | D        | Found a sparkling altar of Nemelex Xobeh.
    74 | D        | Found a burning altar of Makhleb.
    74 | D        | Found a blossoming altar of Fedhas.
    74 | D        | Found a white marble altar of Elyvilon.
    74 | D        | Found a shadowy altar of Dithmenos.
    74 | D        | Found a snail-covered altar of Cheibriados.
    76 | D        | Found a radiant altar of Vehumet.
    76 | D        | Found a corrupted altar of Lugonu.
    77 | D        | Found a hide-covered altar of Uskayaw.
    77 | D        | Found an ancient bone altar of Kikubaaqudgha.
    77 | D        | Found a broken altar of Ashenzari.
    81 | D        | Became a worshipper of Qazlal Stormbringer
   136 | D        | Reached * piety under Qazlal
   137 | D        | Reached skill level 1 in Invocations
   168 | D        | Reached XP level 3. HP: 16/25 MP: 2/4
   179 | D        | Reached ** piety under Qazlal
   180 | D        | Reached skill level 5 in Fighting
   180 | D        | Reached skill level 5 in Shields
   185 | D        | Reached skill level 5 in Armour
   185 | D        | Reached XP level 4. HP: 13/32 MP: 3/6
   196 | D        | Reached *** piety under Qazlal
   453 | D        | Noticed a scorpion
   471 | D        | Reached skill level 1 in Dodging
   476 | D        | Reached XP level 5. HP: 25/36 MP: 6/8
   488 | D        | Reached skill level 5 in Maces & Flails
   490 | D        | Reached **** piety under Qazlal
   497 | D        | Reached skill level 5 in Invocations
   497 | D        | Reached XP level 6. HP: 23/42 MP: 9/9
   691 | D        | Slain by a shadow wraith

Illustrated notes

Levels and vault maps discovered:
D:        pitsprint [storerooms_1, entrance_room_1, metal_vault_5, armoury_2,
          mini_pit_1, grid_room_1, main_hall_1, silver_pit, the_coven_2,
          the_vestibule_1, steel_vault_4, golden_pit, hallway_of_sentries,
          crystal_vault_5, iron_vault_1, final_vault]

Skill      XL: |  1  2  3  4  5  6 |
---------------+-------------------+-----
Fighting       | 4 5 6 7 |  7.1
Shields        | 4 5 6 |  6.4
Armour         | 4 5 6 7 |  7.5
Invocations    | 1 3 4 5 |  5.8
Maces & Flails | 3 4 5 6 |  6.6
Dodging        | 1 2 |  2.2

Action                   |  1- 3 |  4- 6 || total
-------------------------+-------+-------++-------
Melee: Flail             |     7 |       ||     7
       Mace              |    29 |    74 ||   103
  Use: Potion            |     1 |     4 ||     5
Armor: Scale mail        |    26 |    28 ||    54
Dodge: Dodged            |    20 |    22 ||    42
Block: Buckler           |     5 |    25 ||    30

Table legend: (Time is in decaauts)
 A = Elapsed time spent in this place.
 B = Non-inter-level travel time spent in this place.
 C = Inter-level travel time spent in this place.
 D = Time resting spent in this place.
 E = Time spent auto-exploring this place.
 F = Levels seen in this place.
 G = Mean time per level.
                   A        B        C        D        E       F      G
               +--------+--------+--------+--------+--------+-----+--------+
         Total |    716 |    716 |      0 |    354 |     49 |   1 |  716.0 |
       Dungeon |    716 |    716 |      0 |    354 |     49 |   1 |  716.0 |
               +--------+--------+--------+--------+--------+-----+--------+

Top non-repeatable levels by time:
       D: 716 daAuts
